 Dungeon Crawl Stone Soup version 0.24-a0-500-g46574c2197 (webtiles) character file.

Game seed: 12177745616295074757

6951 Akello the Destroyer (level 10, -3/69 HPs)
             Began as a White Draconian Wizard on July 15, 2019.
             Was a Believer of Vehumet.
             Killed from afar by a deep elf mage (25 damage)
             ... with a lance of force
             ... on level 13 of the Dungeon.
             The game lasted 00:36:22 (14146 turns).

Akello the Destroyer (White Draconian Wizard)      Turns: 14146, Time: 00:36:22

Health: -3/69      AC:  8    Str:  9    XL:     10   Next: 80%
Magic:  2/22       EV: 12    Int: 25    God:    Vehumet [**....]
Gold:   474        SH:  0    Dex:  8    Spells: 1/26 levels left

rFire    + + .     SeeInvis .   A - +4 halberd (freeze)
rCold    + + .     Gourm    +   (shield currently unavailable)
rNeg     . . .     Faith    .   (armour unavailable)
rPois    .         Spirit   .   a - +0 hat
rElec    .         Reflect  .   (no cloak)
rCorr    .         Harm     .   o - +0 pair of gloves
MR       +....                  (no boots)
Stlth    ..........             h - amulet of the gourmand
HPRegen  0.21/turn              r - ring of Qyhoul {rF++ MR+ Stlth-}
MPRegen  0.18/turn              w - +3 ring of intelligence

@: no status effects
A: breathe frost, unfitting armour, horns 1, clumsy 1, cold resistance 2, wild
magic 1, cold-blooded, AC +7
a: Breathe Frost, Renounce Religion


You were on level 13 of the Dungeon.
You worshipped Vehumet.
Vehumet was pleased with you.
You were not hungry.

You visited 2 branches of the dungeon, and saw 13 of its levels.

You collected 474 gold pieces.

Inventory:

Hand Weapons
 e - a +1 war axe of flaming
 m - a +1 vampiric short sword
 A - a +4 halberd of freezing (weapon)
Missiles
 k - 17 poisoned darts
 C - 2 throwing nets (quivered)
Armour
 a - a +0 hat (worn)
 o - a +0 pair of gloves (worn)
Magical Staves
 q - an uncursed staff of fire
 y - an uncursed staff of death
Jewellery
 d - an uncursed ring of poison resistance
 g - an uncursed ring of resist corrosion
 h - an amulet of the gourmand (around neck)
 r - the ring of Qyhoul (left hand) {rF++ MR+ Stlth-}
   (You found it on level 7 of the Dungeon)

   [ring of attention]

   It greatly protects you from fire.
   It affects your resistance to hostile enchantments.
   It makes you less stealthy.
 w - a +3 ring of intelligence (right hand)
 B - an uncursed ring of magical power {unknown}
Wands
 p - a wand of iceblast (8)
Scrolls
 b - 5 scrolls of remove curse
 f - 4 scrolls of identify
 i - a scroll of enchant weapon {unknown}
 l - 6 scrolls of amnesia
 t - a scroll of fear
 v - a scroll of teleportation
 x - 2 scrolls of enchant armour {unknown}
 z - a scroll of immolation {unknown}
Potions
 j - 2 potions of might
 n - a potion of lignification
 s - 2 potions of agility
 u - 2 potions of cancellation
 E - a potion of flight
Comestibles
 c - 17 rations


   Skills:
 - Level 1.7 Dodging
 - Level 1.7 Stealth
 + Level 8.5 Spellcasting
 * Level 12.0 Conjurations
 - Level 1.0 Summonings
 - Level 1.0 Translocations
 + Level 8.7 Ice Magic


You had one spell level left.
You knew the following spells:

 Your Spells              Type           Power        Failure   Level  Hunger
a - Magic Dart            Conj           ####         1%          1    None
b - Blink                 Tloc           N/A          10%         2    None
c - Call Imp              Summ           ###.....     10%         2    None
d - Mephitic Cloud        Conj/Pois/Air  #####...     5%          3    None
e - Dazzling Spray        Conj/Hex       ######       3%          3    None
f - Ensorcelled Hibernat  Hex/Ice        #####.       2%          2    None
g - Borgnjor's Vile Clut  Necr/Erth      ##........   89%         5    ####...
h - Conjure Flame         Conj/Fire      ######..     3%          3    None
i - Iskenderun's Mystic   Conj           #######.     1%          4    ##.....

Your spell library contained the following spells:

 Spells                   Type           Power        Failure   Level  Hunger
 Static Discharge         Conj/Air       ######..     3%          3    None
 Flame Tongue             Conj/Fire      #####        1%          1    None
 Summon Butterflies       Summ           ###.....     6%          1    None
 Corona                   Hex            ##.....      10%         1    None
 Sandblast                Erth           ##....       10%         1    None
 Searing Ray              Conj           ######       1%          2    None
 Throw Flame              Conj/Fire      ######       1%          2    None
 Force Lance              Conj/Tloc      ######..     7%          4    ##.....
 Fulminant Prism          Conj/Hex       ######....   8%          4    ##.....
 Sticky Flame             Conj/Fire      ######..     8%          4    ##.....
 Summon Ice Beast         Ice/Summ       #####...     12%         4    ##.....
 Slow                     Hex            ##......     13%         2    None
 Call Canine Familiar     Summ           ###.....     17%         3    None
 Fireball                 Conj/Fire      ######....   21%         5    ####...
 Confuse                  Hex            ##......     24%         3    None
 Inner Flame              Hex/Fire       ##......     24%         3    None
 Tukima's Dance           Hex            ##......     24%         3    None
 Leda's Liquefaction      Hex/Erth       ##........   58%         4    ##.....
 Conjure Ball Lightning   Conj/Air       ######....   67%         6    ######.
 Summon Mana Viper        Hex/Summ       ###.....     85%         5    ####...
 Summon Hydra             Summ           ###.......   100%        7    #######


Dungeon Overview and Level Annotations

Branches:
Dungeon (11/15)            Temple (1/1) D:4
   Lair: D:8-11         Orc: D:9-12

Altars:
Ashenzari
Cheibriados
Dithmenos
Elyvilon
Fedhas
Gozag
Hepliaklqana
Kikubaaqudgha
Makhleb
Nemelex Xobeh
Okawaru
Qazlal
Ru
Sif Muna
Trog
Uskayaw
Vehumet
Wu Jian
Xom
Yredelemnul
Zin
The Shining One

Shops:
D:10 (

Annotations:
D:5 2 transporters, motoroller71's ghost, novice GnFi
D:10 exclusion: oklob plant


Innate Abilities, Weirdness & Mutations

You can breathe waves of freezing cold.
You can buffet flying creatures when you breathe cold.
Your icy white scales are hard. (AC +7)
You cannot fit into any form of body armour.
Your flesh is very cold resistant. (rC++)
You are cold-blooded and may be slowed by cold attacks.
You have a pair of small horns on your head.
You are clumsy. (Dex -2)
Your spells are a little harder to cast, but a little more powerful.


Message History

You reach to attack!
You closely miss the deep elf mage.
The deep elf mage is severely wounded.
The deep elf mage gestures wildly while chanting.
The deep elf mage conjures a globe of magical energy!
A battlesphere comes into view.
Attack whom?
Press: ? - help, Dir - move target cursor, f/p - deep elf mage
Aim: a deep elf mage, wielding a +0 long sword (severely wounded)
The battlesphere is in the way.
You barely miss the battlesphere. You tail-slap the battlesphere.
The battlesphere is moderately damaged.
The battlesphere is engulfed in blazing flames.
Attack whom?
Press: ? - help, Dir - move target cursor, f/p - deep elf mage
Aim: a deep elf mage, wielding a +0 long sword (severely wounded)
You reach to attack!
You barely miss the deep elf mage.
The deep elf mage is severely wounded.
The deep elf mage casts a spell at you. The lance of force hits you!!
You die...

#######
##################.*.....
............#...@§e>.....
............#.####.......
......÷.....'.# .......
............### .<.....
............# .......
............# .......
............# .......
#'########### ....}.)
#.#######


You could see a deep elf mage and a battlesphere.

Vanquished Creatures
  2 two-headed ogres
  2 ugly things (D:9)
  A centaur skeleton (D:6)
  A hippogriff (D:13)
  Sigmund (D:3)
  2 wyverns
  A hungry ghost (D:7)
  A porcupine (D:11)
  A water moccasin (D:8)
  3 orc warriors
  3 ice beasts
  A sky beast (D:5)
  A necrophage (D:9)
  A phantom (D:10)
  An ogre (D:8)
  2 centaurs
  A big kobold (D:9)
  8 bullfrogs
  7 killer bees
  2 scorpions
  A wight (D:10)
  A quasit (D:13)
  A centaur zombie (D:6)
  3 crimson imps (D:5)
  6 hounds
  7 orc priests
  3 jellies
  3 bullfrog skeletons
  Jessica (D:2)
  5 iguanas
  7 orc wizards
  3 worker ants
  2 hound zombies
  3 hound skeletons
  Robin (D:3)
  A howler monkey zombie (D:5)
  A worker ant zombie (D:3)
  14 adders
  2 river rats (D:3)
  An ooze (D:3)
  6 adder skeletons
  3 worms
  3 dart slugs
  4 leopard geckos
  25 orcs
  3 giant cockroaches
  20 goblins
  16 hobgoblins
  16 jackals
  16 kobolds
  7 quokkas
  4 bats
  4 frilled lizards
  A jackal zombie (D:7)
  6 rats
242 creatures vanquished.

Notes
Turn   | Place    | Note
-------+----------+-------------------------------------------
     0 | D:1      | Akello the Draconian Wizard began the quest for the Orb.
     0 | D:1      | Reached XP level 1. HP: 14/14 MP: 4/4
   492 | D:1      | Reached XP level 2. HP: 19/20 MP: 0/6
   578 | D:1      | Reached skill level 2 in Conjurations
  1339 | D:2      | Reached XP level 3. HP: 26/26 MP: 0/7
  1415 | D:2      | Noticed Jessica
  1436 | D:2      | Killed Jessica
  1436 | D:2      | Reached skill level 3 in Conjurations
  1796 | D:2      | Reached XP level 4. HP: 33/33 MP: 3/9
  2624 | D:3      | Reached skill level 4 in Conjurations
  2624 | D:3      | Reached XP level 5. HP: 35/38 MP: 3/11
  2669 | D:3      | Learned a level 2 spell: Blink
  2672 | D:3      | Learned a level 2 spell: Call Imp
  2676 | D:3      | Learned a level 3 spell: Mephitic Cloud
  2680 | D:3      | Learned a level 3 spell: Dazzling Spray
  2714 | D:3      | Noticed Robin
  3249 | D:3      | Found a glowing golden altar of the Shining One.
  3466 | D:3      | Noticed Sigmund
  3797 | D:3      | Killed Sigmund
  3797 | D:3      | Reached skill level 5 in Conjurations
  3797 | D:3      | Reached XP level 6. HP: 33/45 MP: 1/12
  3952 | D:3      | Killed Robin
  3955 | D:3      | HP: 1/45 [river rat (5)]
  4377 | D:3      | Reached skill level 6 in Conjurations
  4485 | D:3      | Your scales start taking on an icy white colour.
  4485 | D:3      | Reached XP level 7. HP: 50/50 MP: 9/14
  4485 | D:3      | Gained mutation: Your flesh is cold resistant. (rC+) [White
                  | Draconian growth]
  4636 | D:4      | Reached skill level 5 in Spellcasting
  4682 | D:4      | Learned a level 2 spell: Ensorcelled Hibernation
  4919 | D:4      | Found a staircase to the Ecumenical Temple.
  4971 | Temple   | Entered the Ecumenical Temple
  5010 | Temple   | Became a worshipper of Vehumet
  5033 | D:4      | Reached skill level 1 in Ice Magic
  5076 | D:4      | Found a burning altar of Makhleb.
  5216 | D:4      | You fall into a shaft and drop 2 floors!
  5274 | D:6      | Reached skill level 7 in Conjurations
  5282 | D:6      | Reached XP level 8. HP: 28/57 MP: 11/16
  5641 | D:6      | Reached skill level 8 in Conjurations
  5668 | D:6      | Reached * piety under Vehumet
  5668 | D:6      | Offered knowledge of Shock by Vehumet.
  5773 | D:5      | Entered Level 5 of the Dungeon
  5994 | D:5      | Found a transporter.
  6067 | D:5      | Found a stormy altar of Qazlal.
  6380 | D:5      | Found a transporter.
  6410 | D:5      | Noticed motoroller71's ghost (novice GnFi)
  6419 | D:5      | Gained mutation: Your flesh is very cold resistant. (rC++)
                  | [potion of mutation]
  6419 | D:5      | Gained mutation: Your spells are a little harder to cast,
                  | but a little more powerful. [potion of mutation]
  6419 | D:5      | Gained mutation: You are clumsy. (Dex -2) [potion of
                  | mutation]
  6419 | D:5      | Gained mutation: You have a pair of small horns on your
                  | head. [potion of mutation]
  7254 | D:6      | Reached skill level 9 in Conjurations
  7254 | D:6      | Reached skill level 5 in Ice Magic
  7254 | D:6      | Reached XP level 9. HP: 49/62 MP: 7/18
  7583 | D:7      | Got a flickering turquoise ring
  7585 | D:7      | Identified the ring of Qyhoul {rF++ MR+ Stlth-} (You found
                  | it on level 7 of the Dungeon)
  8119 | D:8      | Reached ** piety under Vehumet
  8133 | D:8      | Identified the Guide on Flying Earth
  8141 | D:8      | Learned a level 5 spell: Borgnjor's Vile Clutch
  8592 | D:8      | Offered knowledge of Sting by Vehumet.
  9212 | D:9      | Reached skill level 10 in Conjurations
  9236 | D:9      | Noticed a two-headed ogre
  9268 | D:9      | Killed a two-headed ogre
  9405 | D:9      | Noticed a brown ugly thing
  9430 | D:9      | HP: 1/62 [acid (9)]
  9986 | D:8      | Reached XP level 10. HP: 23/69 MP: 3/21
 10257 | D:9      | Learned a level 3 spell: Conjure Flame
 10352 | D:9      | Found a white marble altar of Elyvilon.
 10354 | D:9      | Found an iron altar of Okawaru.
 10364 | D:9      | Found a sparkling altar of Nemelex Xobeh.
 10364 | D:9      | Found an ornate altar of the Wu Jian Council.
 10691 | D:9      | Found a snail-covered altar of Cheibriados.
 11320 | D:9      | Found a deep blue altar of Sif Muna.
 11806 | D:9      | Killed a brown ugly thing
 11806 | D:9      | Reached skill level 11 in Conjurations
 12131 | D:9      | Found a deep blue altar of Sif Muna.
 12175 | D:9      | Found a glowing silver altar of Zin.
 12207 | D:10     | Entered Level 10 of the Dungeon
 12207 | D:10     | Found Vohij's Weapon Boutique.
 12229 | D:10     | Noticed a green ugly thing
 12263 | D:9      | Killed a purple ugly thing
 12659 | D:10     | Noticed an oklob plant
 13235 | D:10     | Offered knowledge of Static Discharge by Vehumet.
 13592 | D:10     | Found a basalt altar of Yredelemnul.
 13972 | D:11     | Learned a level 4 spell: Iskenderun's Mystic Blast
 13977 | D:11     | You fall into a shaft and drop 2 floors!
 14127 | D:13     | Noticed a two-headed ogre
 14128 | D:13     | Noticed a deep elf mage
 14137 | D:13     | Killed a two-headed ogre
 14137 | D:13     | Reached skill level 12 in Conjurations
 14146 | D:13     | Killed from afar by a deep elf mage

Levels and vault maps discovered:
D:1:      dpeg_arrival_rooms_with_view, layout_basic, interstate_on_off,
          kennysheep_pointless_box, chequers_serial_rivers_micro_a,
          minmay_tiny_reverse_x
D:2:      layout_basic, uniq_jessica
D:3:      layout_loops_ring, nicolae_overflow_hidden_temple,
          lightli_sewer_entry_pipes, uniq_sigmund, uniq_robin
D:4:      layout_rooms, minmay_temple_entry_grid, first_ration,
          minmay_misc_feat_doors, makhleb_blood_cavern_becter
D:5:      layout_rooms, lemuel_round_altar, gammafunk_ghost_stat_death
D:6:      layout_cave_pools
D:7:      layout_rooms, hangedman_abyss_or_decor_stagger,
          minmay_misc_feat_square, minivault_26
D:8:      layout_basic, grunt_ogre_cave, nrook_uturn, palyth_stone_intersect,
          minmay_quadrilaterals
D:9:      kennysheep_orc_sif_temple, layout_basic, tgw_sif, minitemple,
          cheibriados_altar_1
D:10:     layout_cave_pools, serial_shops, nicolae_shop_waterfront,
          glass_columns_b, minmay_misc_feat_nine_boxes, lemuel_oklob_altar
D:11:     layout_cave_pods, grunt_lair_entry_orc_guard_hut
D:13:     layout_roguey, lightli_vaults_fourway_checkpoint,
          portal_ice_cave_entry_ice_beasts, corexii_hall_statues_i
Temple:   cyrus_circular_temple

Skill      XL: |  1  2  3  4  5  6  7  8  9 10 |
---------------+-------------------------------+-----
Conjurations   | 2 3 4 5 6 7 9 10 12 | 12.0
Spellcasting   | 4 5 6 7 8 |  8.5
Ice Magic      | 3 5 7 8 |  8.7
Dodging        | |  1.7
Stealth        | |  1.7
Summonings     | |  1.0
Translocations | |  1.0

Action                   |  1- 3 |  4- 6 |  7- 9 | 10-12 || total
-------------------------+-------+-------+-------+-------++-------
Melee: Unarmed           |    14 |       |       |       ||    14
       Tailslap          |     1 |     9 |     7 |     4 ||    21
       Short sword       |    16 |    66 |       |       ||    82
       War axe           |       |    26 |   110 |    47 ||   183
       Headbutt          |       |       |     4 |     1 ||     5
       Halberd           |       |       |       |     5 ||     5
Throw: Throwing net      |       |       |       |     2 ||     2
 Cast: Magic Dart        |    69 |   150 |   305 |   192 ||   716
       Mephitic Cloud    |       |     2 |     6 |     3 ||    11
       Blink             |       |     1 |    16 |    14 ||    31
       Ensorcelled Hiber |       |       |     2 |     1 ||     3
       Dazzling Spray    |       |       |     1 |       ||     1
       Conjure Flame     |       |       |       |    17 ||    17
       Iskenderun's Myst |       |       |       |    10 ||    10
 Abil: Breathe Frost     |       |       |    32 |    16 ||    48
Evoke: Wand              |       |       |     2 |       ||     2
  Use: Scroll            |     1 |     3 |    12 |     3 ||    19
       Potion            |     1 |     6 |     4 |     5 ||    16
 Stab: Confused          |       |     1 |     2 |       ||     3
       Sleeping          |       |       |     1 |     1 ||     2
  Eat: Chunk             |     7 |     8 |    20 |    11 ||    46
       Ration            |       |       |     1 |     1 ||     2
Armor: Skin              |    10 |    44 |    97 |    65 ||   216
Dodge: Dodged            |    22 |    99 |   159 |   107 ||   387

Table legend:
 A = Non-vault XP
 B = Vault XP
 C = Vault XP percentage of total XP
 D = Non-vault monster count
 E = Vault monster count
 F = Vault count percentage of total count
                 A         B        C        D         E       F
            +---------+---------+-------+---------+---------+-------
      Total |    8928 |    1002 |  10.1 |     209 |      33 |  13.6
            +---------+---------+-------+---------+---------+-------
        D:1 |      27 |       5 |  15.6 |      17 |       4 |  19.0
        D:2 |      91 |      37 |  28.9 |      18 |       1 |   5.3
        D:3 |     235 |     338 |  59.0 |      38 |      21 |  35.6
        D:4 |     234 |      42 |  15.2 |      19 |       1 |   5.0
        D:5 |     581 |       0 |   0.0 |      14 |       0 |   0.0
        D:6 |    1449 |       0 |   0.0 |      34 |       0 |   0.0
        D:7 |     507 |       0 |   0.0 |      11 |       0 |   0.0
        D:8 |     502 |     208 |  29.3 |       7 |       2 |  22.2
        D:9 |    3150 |     223 |   6.6 |      30 |       3 |   9.1
       D:10 |     949 |       0 |   0.0 |      18 |       0 |   0.0
       D:11 |       0 |     149 | 100.0 |       0 |       1 | 100.0
       D:13 |    1203 |       0 |   0.0 |       3 |       0 |   0.0
            +---------+---------+-------+---------+---------+-------
